 Dungeon Crawl Stone Soup version 0.21-a0-24-ga372141 (webtiles) character file.

91 Chiseanne the Chucker (level 4, -1/38 HPs)
             Began as a Ghoul Hunter on May 25, 2017.
             Was an Initiate of Dithmenos.
             Slain by an orc
             ... wielding a +0 mace
              (5 damage)
             ... on level 2 of the Dungeon.
             The game lasted 00:04:37 (1365 turns).

Chiseanne the Chucker (Ghoul Hunter)                Turns: 1365, Time: 00:04:38

Health: -1/38      AC:  4    Str: 15    XL:     4   Next: 59%
Magic:  3/3        EV: 12    Int:  6    God:    Dithmenos [......]
Gold:   153        SH:  0    Dex: 10    Spells: 3/3 levels left

rFire    . . .     SeeInvis +   a - +0 flail
rCold    + . .     Gourm    .   (no shield)
rNeg     + + +     Faith    .   b - +1 leather armour
rPois    ∞         Spirit   .   (no helmet)
rElec    .         Reflect  .   (no cloak)
rCorr    .         Harm     .   (no gloves)
MR       .....                  (no boots)
Stlth    +.........             (no amulet)
Regen    0.0/turn               l - ring of see invisible
MPRegen  0.1/turn               (no ring)

@: rotting
A: rotting body, claws 1, carnivore 3, cold resistance 1, negative energy
resistance 3, inhibited regeneration, torment resistance, unbreathing
a: Renounce Religion


You were on level 2 of the Dungeon.
You worshipped Dithmenos.
Dithmenos was noncommittal.
You were not hungry.

You visited 1 branch of the dungeon, and saw 3 of its levels.

You collected 153 gold pieces.

Inventory:

Hand Weapons
 a - a +0 flail (weapon)
Missiles
 c - a javelin (quivered)
 d - 2 throwing nets
 e - 78 stones
 i - 23 arrows
 m - 16 bolts
 t - 9 poisoned needles
 v - 22 sling bullets
Armour
 b - a +1 leather armour (worn)
Jewellery
 l - a ring of see invisible (left claw)
Scrolls
 g - 2 scrolls of remove curse
Potions
 h - a potion of cancellation
 k - a potion of degeneration {unknown}
 p - a potion of flight {unknown}
Comestibles
 f - 2 meat rations


   Skills:
 * Level 3.4 Fighting
 * Level 4.2 Throwing
 * Level 2.7 Dodging
 - Level 1.1 Stealth


You had 3 spell levels left.
You didn't know any spells.

Dungeon Overview and Level Annotations

Branches:
Dungeon (3/15)

Altars:
Dithmenos
Qazlal


Innate Abilities, Weirdness & Mutations

Your body is rotting away.
You thrive on raw meat.
You are immune to poison.
You have sharp fingernails.
You are carnivorous and can eat meat at any time.
Your flesh is cold resistant. (rC+)
You are immune to negative energy. (rN+++)
You do not regenerate when monsters are visible.
You are immune to unholy pain and torment.
You can survive without breathing.


Message History

The orc hits you with a mace. The orc hits you with a short sword.
There is a stone staircase leading up here.
The orc closely misses you.
The orc priest calls down the wrath of Beogh upon you.
Beogh smites you!
* * * LOW HITPOINT WARNING * * *
The orc hits you with a short sword.
* * * LOW HITPOINT WARNING * * *
You climb upwards.
There is a stone staircase leading down here.
You barely miss the orc. The orc closely misses you.
The orc hits you with a short sword.
* * * LOW HITPOINT WARNING * * *
Okay, then.
You closely miss the orc. The orc misses you.
The orc hits you but does no damage.
You hit the orc.
The orc is heavily wounded.
The orc hits you but does no damage. The orc hits you with a mace.
You die...

####.).........#
########...........#
......)............#
#########..........#
#........%.#
#..........#
#..........#
#####..###### ######
##.o@...#
.....##########o[...#
####.....>..........#
############.....#
#.....# #.....#
#######


You could see 2 orcs.

Vanquished Creatures
  An orc priest (D:2)
  An adder (D:2)
  An ooze (D:2)
  2 worms (D:2)
  A leopard gecko (D:1)
  3 orcs
  3 bats
  A giant cockroach (D:1)
  2 goblins
  10 hobgoblins
  2 jackals (D:2)
  3 frilled lizards
  4 kobolds
  A quokka skeleton (D:2)
  5 rats
40 creatures vanquished.

Notes
Turn   | Place    | Note
-------+----------+-------------------------------------------
     0 | D:1      | Chiseanne the Ghoul Hunter began the quest for the Orb.
     0 | D:1      | Reached XP level 1. HP: 17/17 MP: 0/0
   206 | D:1      | Reached XP level 2. HP: 9/25 MP: 1/1
   552 | D:2      | Reached XP level 3. HP: 15/30 MP: 2/2
   885 | D:2      | Found a shadowy altar of Dithmenos.
   933 | D:2      | Became a worshipper of Dithmenos the Shadowed
   973 | D:2      | Reached skill level 4 in Throwing
  1166 | D:2      | Found a stormy altar of Qazlal.
  1260 | D:2      | Reached XP level 4. HP: 38/38 MP: 3/3
  1365 | D:2      | Slain by an orc

Vault maps used:
D:1:      scummos_arrival_checkerplants
D:2:      nicolae_qazlal_eye_of_the_storm, old_standard_altar,
          minmay_misc_feat_ornament
D:3:      uniq_grinder

Skill      XL: |  1  2  3 |
---------------+----------+-----
Dodging        | 2 |  2.7
Fighting       | 3 |  3.4
Throwing       | 4 |  4.2
Stealth        | |  1.1

Action                   |  1- 3 |  4- 6 || total
-------------------------+-------+-------++-------
Melee: Short sword       |   153 |     8 ||   161
       Flail             |       |    10 ||    10
Throw: Javelin           |       |     5 ||     5
  Use: Scroll            |       |     7 ||     7
  Eat: Chunk             |    27 |     3 ||    30
Armor: Leather armour    |    35 |     2 ||    37
Dodge: Dodged            |   131 |     8 ||   139
